[Event "Team 45 45 League T60"]
[Site "Internet Chess Club"]
[Date "2014.02.27"]
[Round "1"]
[White "Atwode"]
[Black "Holgate"]
[Result "0-1"]
[WhiteElo "1862"]
[BlackElo "1992"]
[Opening "English: symmetrical variation"]
[ECO "A38"]
[Time "16:02:23"]
[TimeControl "2700+45"]

1. Nf3 c5 2. c4 g6 3. g3 Bg7 4. Bg2 Nc6 5. Nc3 Nf6 6. d4 cxd4 7. Nxd4 O-O 8. O-O
Qa5 9. a3 Nxd4 10. Qxd4 d6 11. Be3 Ng4 12. Qd3 Bf5 13. Qd5 Bxc3 14. bxc3 Qxd5
15. cxd5 Nxe3 16. fxe3 Rac8 17. e4 Bg4 18. Bf3 Bxf3 19. Rxf3 Rc4 20. Rb1 b6 21.
Re3 Kg7 22. Kf2 Kf6 23. Ke1 Ke5 24. Rb4 Rfc8 25. Kd2 h5 26. Kd3 Rxc3+ 27. Kd2
Rxe3 28. Kxe3 Rc3+ 29. Kd2 {White resigns} 0-1

[Event "Team 45 45 League T60"]
[Site "Internet Chess Club"]
[Date "2014.03.01"]
[Round "1"]
[White "Holzschlange"]
[Black "willhelm"]
[Result "0-1"]
[WhiteElo "1782"]
[BlackElo "1937"]
[Opening "Queen's pawn game, Darooha variation "]
[ECO "D11"]
[Time "11:32:14"]
[TimeControl "2700+45"]

1. Nf3 Nf6 2. d4 d5 3. c4 c6 4. Qc2 g6 5. Bf4 Bf5 6. Qb3 Qb6 7. c5 Qxb3 8. axb3
Nbd7 9. Nc3 a6 10. h3 Bg7 11. e3 O-O 12. b4 Rfe8 13. g4 Be4 14. Nxe4 Nxe4 15.
Bd3 e5 16. dxe5 Nxe5 17. Nxe5 Bxe5 18. Bxe5 Rxe5 19. O-O Rae8 20. Rfe1 R5e7 21.
Kg2 Ng5 22. Red1 f6 23. Ra3 Nf7 24. Be2 Re4 25. Rb3 Kg7 26. Bd3 R4e7 27. Bf1 Re5
28. Ra3 h5 29. Rd4 hxg4 30. hxg4 Re4 31. Rxe4 Rxe4 32. b5 axb5 33. Ra7 Re7 34.
b4 Nd8 35. Be2 Kf7 36. Bd3 Rc7 37. f4 Ne6 38. Kf3 g5 39. f5 Nf8 40. Ke2 Nd7 41.
Kd2 Ke7 42. Kc3 Kd8 43. Kd4 Kc8 44. Ra8+ Nb8 45. Bxb5 cxb5 46. Kxd5 Re7 47. e4
Kc7 48. Ra7 Nc6 49. Ra1 Re5# {White checkmated} 0-1

[Event "Team 45 45 League T60"]
[Site "Internet Chess Club"]
[Date "2014.03.02"]
[Round "1"]
[White "BigH"]
[Black "chess09"]
[Result "1-0"]
[WhiteElo "2094"]
[BlackElo "1980"]
[Opening "Neo-Grünfeld, 6.O-O, main line"]
[ECO "D79"]
[Time "11:03:42"]
[TimeControl "2700+45"]

1. Nf3 d5 2. g3 c6 3. Bg2 g6 4. d4 Bg7 5. O-O Nf6 6. c4 O-O 7. cxd5 cxd5 8. Nc3
Nc6 9. Ne5 Be6 10. Nxc6 bxc6 11. Na4 Nd7 12. Be3 Nb6 13. Nc5 Nc4 14. Bc1 Qb6 15.
b3 Nd6 16. Bf4 Bf5 17. Rc1 Rac8 18. Qd2 Nb7 19. Bh6 Nxc5 20. Rxc5 Bxh6 21. Qxh6
e5 22. Qd2 Rfe8 23. e3 exd4 24. Qxd4 Qa6 25. g4 Be4 26. f3 Bd3 27. Rd1 Be2 28.
Rd2 Re7 29. Kf2 Bb5 30. a4 Bxa4 31. bxa4 Rce8 32. Bf1 Qc8 33. Rdc2 Re6 34. Qxd5
Rxe3 35. Rxc6 Qb7 36. Rxg6+ {Black resigns} 1-0

[Event "Team 45 45 League T60"]
[Site "Internet Chess Club"]
[Date "2014.02.28"]
[Round "1"]
[White "Nathan-L"]
[Black "bondguy01"]
[Result "1-0"]
[WhiteElo "1913"]
[BlackElo "1750"]
[Opening "Dutch defense"]
[ECO "A84"]
[Time "19:00:27"]
[TimeControl "2700+45"]

1. c4 f5 2. d4 e6 3. Nf3 Nf6 4. Bg5 Bb4+ 5. Nc3 h6 6. Bxf6 Bxc3+ 7. bxc3 Qxf6 8.
e3 d6 9. Be2 O-O 10. Qb3 Nd7 11. Nd2 Kh8 12. f4 Qh4+ 13. g3 Qh3 14. Kf2 Nf6 15.
Bf3 Rb8 16. Qa3 a6 17. c5 d5 18. Rab1 c6 19. Rb6 Nd7 20. Rb4 Nf6 21. Qb2 g5 22.
Nb3 gxf4 23. exf4 Ne4+ 24. Ke3 Nf6 25. Na5 Rf7 26. Nxc6 Ng4+ 27. Bxg4 fxg4 28.
Nxb8 Qh5 29. c6 b6 30. Qe2 e5 31. dxe5 Re7 32. Kf2 Rf7 33. Rxb6 Qg6 34. Rd1 Qe6
35. Nxa6 h5 36. Nb4 h4 37. Kg2 h3+ 38. Kg1 Ra7 39. Rxd5 Kg7 40. Qd3 Qe7 41. Rd6
Qf7 42. c7 Bf5 43. Qd2 Rxc7 44. Nd5 Ra7 45. Rf6 Qd7 46. Rbd6 Qc8 47. Ne3 Be4 48.
f5 Ra3 49. Rd7+ {Black resigns} 1-0

[Event "Team 45 45 League T60"]
[Site "Internet Chess Club"]
[Date "2014.03.01"]
[Round "1"]
[White "zugknightly"]
[Black "Zugzwanged"]
[Result "1-0"]
[WhiteElo "1894"]
[BlackElo "1736"]
[Opening "English: Neo-Catalan declined"]
[ECO "A14"]
[Time "18:32:45"]
[TimeControl "2700+45"]

1. c4 Nf6 2. g3 e6 3. Bg2 d5 4. Nf3 Be7 5. O-O O-O 6. Qc2 Nbd7 7. b3 c6 8. Bb2
Re8 9. d3 Bd6 10. e4 dxe4 11. dxe4 e5 12. Nc3 Qe7 13. Rad1 Nf8 14. Nh4 Qc7 15.
a3 Be6 16. Ne2 Rad8 17. c5 Be7 18. b4 Ng6 19. Nxg6 hxg6 20. f4 exf4 21. Nxf4 Bg4
22. Rxd8 Rxd8 23. h3 Bc8 24. g4 Nd7 25. Nd3 Bf6 26. Qb3 Rf8 27. Bxf6 Nxf6 28.
Nf4 Qe5 29. Qc4 Rd8 30. Nxg6 Qg5 31. Ne7+ Kf8 32. Nxc8 Rxc8 33. Qd4 Re8 34. Qd6+
Kg8 35. Re1 Qh4 36. Re2 Qg5 37. Qd2 Qxd2 38. Rxd2 Kh7 39. Rd4 Re7 40. a4 Kg6 41.
Kf2 Kg5 42. Kg3 Nd7 43. h4+ Kf6 44. Kf4 Ne5 45. Rd6+ Re6 46. g5+ Ke7 47. Rxe6+
Kxe6 48. Bh3+ f5 49. Bxf5+ {Black resigns} 1-0

[Event "Team 45 45 League T60"]
[Site "Internet Chess Club"]
[Date "2014.03.04"]
[Round "1"]
[White "mattp108"]
[Black "latayvia"]
[Result "0-1"]
[WhiteElo "1613"]
[BlackElo "1629"]
[Opening "Réti: King's Indian attack, Yugoslav variation"]
[ECO "A07"]
[Time "22:00:37"]
[TimeControl "2700+45"]

1. Nf3 d5 2. g3 Nf6 3. Bg2 c6 4. O-O Bg4 5. d3 Nbd7 6. Nbd2 e5 7. e4 dxe4 8.
dxe4 Bc5 9. c3 a5 10. Qc2 O-O 11. Nc4 Qe7 12. Ne3 Be6 13. Ng5 Ng4 14. Nxe6 Nxe3
15. Nxf8 Nxc2 {White resigns} 0-1

[Event "Team 45 45 League T60"]
[Site "Internet Chess Club"]
[Date "2014.03.02"]
[Round "1"]
[White "arhrid"]
[Black "primerpaso"]
[Result "0-1"]
[WhiteElo "1800"]
[BlackElo "1934"]
[Opening "Sicilian: Alapin's variation (2.c3)"]
[ECO "B22"]
[Time "12:00:41"]
[TimeControl "2700+45"]

1. e4 c5 2. c3 d5 3. exd5 Qxd5 4. d4 Nf6 5. Nf3 Bg4 6. Be2 e6 7. h3 Bh5 8. O-O
Be7 9. Be3 cxd4 10. cxd4 O-O 11. Nc3 Qd6 12. Qd2 Nc6 13. a3 Rfd8 14. Rfd1 Rac8
15. Na4 Nd5 16. b4 b6 17. g4 Bg6 18. Nb2 Qb8 19. Rac1 Bf6 20. Nc4 b5 21. Nb2
Nxe3 22. Qxe3 h6 23. Rc5 a6 24. Bd3 Nxd4 25. Bxg6 Nxf3+ 26. Qxf3 fxg6 27. Nd3
Bd4 28. Rxc8 Qxc8 29. Nc5 Rf8 30. Qe4 Bxf2+ 31. Kg2 Bxc5 32. bxc5 Qxc5 33. Qxe6+
Kh7 34. Rd2 Qxa3 35. h4 Qf3+ 36. Kg1 Qf1+ 37. Kh2 Qf4+ 38. Kh3 Qxd2 39. g5 Rf3+
40. Kg4 Qf4# {White checkmated} 0-1

[Event "Team 45 45 League T60"]
[Site "Internet Chess Club"]
[Date "2014.02.26"]
[Round "1"]
[White "pereelcoix"]
[Black "kidcobra"]
[Result "1/2-1/2"]
[WhiteElo "1711"]
[BlackElo "1835"]
[Opening "English: Neo-Catalan declined"]
[ECO "A14"]
[Time "16:35:35"]
[TimeControl "2700+45"]

1. Nf3 d5 2. g3 Nf6 3. c4 e6 4. Bg2 Be7 5. O-O O-O 6. cxd5 exd5 7. Nc3 c6 8. d4
Bf5 9. Bg5 Nbd7 10. Re1 Ne4 11. Bxe7 Qxe7 12. Qb3 Nxc3 13. bxc3 Nb6 14. Ne5 f6
15. Nf3 Kh8 16. e3 Be4 17. a4 Nc4 18. Red1 Na5 19. Qb4 Qxb4 20. cxb4 Nc4 21. Nd2
Nxd2 22. Rxd2 Bxg2 23. Kxg2 Rfc8 24. a5 a6 25. Rc2 Kg8 26. Rac1 Kf7 27. Kf3 Ke6
28. h4 f5 29. Kf4 Kf6 30. f3 h6 31. h5 Re8 32. Rc5 Re6 33. R5c3 Rg8 34. Rg1 g6
35. hxg6 Rxg6 36. g4 fxg4 37. Rxg4 Rxg4+ 38. Kxg4 Kg6 39. Kf4 Rf6+ 40. Kg3 Kf5
41. e4+ Ke6 42. e5 Rg6+ 43. Kh2 Kf5 44. Re3 h5 45. Re1 Re6 46. Kh3 Kf4 47. Kh4
Kxf3 48. Kxh5 Kf4 49. Rf1+ Ke4 50. Rd1 Kf5 51. Re1 Kf4 52. Re2 Kf3 53. Re1 Kf4
{Game drawn by repetition} 1/2-1/2

[Event "Team 45 45 League T60"]
[Site "Internet Chess Club"]
[Date "2014.03.03"]
[Round "1"]
[White "elmaestro"]
[Black "Heian"]
[Result "1-0"]
[WhiteElo "1819"]
[BlackElo "1858"]
[Opening "English opening"]
[ECO "A20"]
[Time "18:33:38"]
[TimeControl "2700+45"]

1. c4 e5 2. g3 Nf6 3. Bg2 c6 4. Nf3 d6 5. O-O Be7 6. Nc3 O-O 7. d3 h6 8. b4 Nbd7
9. a4 d5 10. cxd5 Bxb4 11. Qb3 Bxc3 12. Qxc3 Nxd5 13. Qb3 Qb6 14. Qc4 Qb4 15.
Ba3 Qxc4 16. dxc4 N5b6 17. Bxf8 Kxf8 18. Rfc1 f6 19. a5 e4 20. Nd4 c5 21. Ne6+
Ke7 22. Nc7 Rb8 23. axb6 Nxb6 24. Rxa7 f5 25. Na6 Kd6 {Black resigns} 1-0

[Event "Team 45 45 League T60"]
[Site "Internet Chess Club"]
[Date "2014.03.02"]
[Round "1"]
[White "edelgado"]
[Black "nanning"]
[Result "1/2-1/2"]
[WhiteElo "1643"]
[BlackElo "1561"]
[Opening "Nimzovich-Larsen attack: classical variation"]
[ECO "A01"]
[Time "15:00:48"]
[TimeControl "2700+45"]

1. b3 d5 2. Bb2 c5 3. e3 a6 4. f4 Nf6 5. Nf3 Nc6 6. Be2 g6 7. Bxf6 exf6 8. c4 d4
9. exd4 Nxd4 10. Nc3 Bg7 11. O-O O-O 12. Nd5 f5 13. Rc1 Be6 14. Nc3 Rb8 15. Kh1
Re8 16. Nxd4 Qxd4 17. Bf3 b5 18. cxb5 axb5 19. Bc6 Red8 20. Bxb5 Qxd2 21. Qxd2
Rxd2 22. Ba4 c4 23. h3 cxb3 24. axb3 Bxc3 25. Rxc3 Rb2 26. Rfc1 Bd5 27. R3c2
Rxc2 28. Rxc2 Rb4 29. Rf2 Bxb3 30. Bxb3 Rxb3 31. Re2 h5 32. h4 Rb4 33. g3 Re4
34. Rf2 Kf8 35. Kg2 {Game drawn by mutual agreement} 1/2-1/2

[Event "Team 45 45 League T60"]
[Site "Internet Chess Club"]
[Date "2014.03.02"]
[Round "1"]
[White "mongmong"]
[Black "losscause"]
[Result "1-0"]
[WhiteElo "1686"]
[BlackElo "1600"]
[Opening "Queen's pawn game"]
[ECO "D04"]
[Time "15:00:54"]
[TimeControl "2700+45"]

1. d4 d5 2. Nf3 Nf6 3. e3 c5 4. c3 Nc6 5. Bd3 Bg4 6. h3 Bh5 7. g4 Bg6 8. Bxg6
hxg6 9. g5 Ne4 10. Nbd2 Qc8 11. h4 Qf5 12. Nxe4 dxe4 13. Ne5 Nxe5 14. dxe5 Qxe5
15. Qa4+ Kd8 16. Bd2 Kc7 17. O-O-O e6 18. Be1 Be7 19. Qd7+ {Black resigns} 1-0

[Event "Team 45 45 League T60"]
[Site "Internet Chess Club"]
[Date "2014.03.02"]
[Round "1"]
[White "TwinsburgOHUSA"]
[Black "Visin"]
[Result "1-0"]
[WhiteElo "1508"]
[BlackElo "1392"]
[Opening "Scotch gambit"]
[ECO "C44"]
[Time "15:00:44"]
[TimeControl "2700+45"]

1. e4 e5 2. Nf3 Nc6 3. d4 exd4 4. Bc4 f6 5. c3 Ne5 6. Nxe5 fxe5 7. Qh5+ g6 8.
Qxe5+ Qe7 9. Qxd4 Bg7 10. Qd3 d6 11. O-O Bd7 12. Be3 Nf6 13. Nd2 Bc6 14. Rfe1 b6
15. Bd5 Qd7 16. Bc4 O-O-O 17. Ba6+ Kb8 18. b4 Ng4 19. Bd4 Ne5 20. Qe2 Rhf8 21.
f3 g5 22. Rf1 Rde8 23. b5 Bb7 24. Bxb7 Kxb7 25. a4 c6 26. Nc4 c5 27. Nxe5 Bxe5
28. Bxe5 Rxe5 29. c4 Rfe8 30. a5 Qc7 31. Qd2 h5 32. Ra2 bxa5 33. Rxa5 g4 34.
Rfa1 Qd8 35. Rxa7+ Kb8 {Black resigns} 1-0

[Event "Team 45 45 League T60"]
[Site "Internet Chess Club"]
[Date "2014.03.01"]
[Round "1"]
[White "pcvan"]
[Black "g8wrb"]
[Result "0-1"]
[WhiteElo "1453"]
[BlackElo "1374"]
[Opening "French: Steinitz variation"]
[ECO "C11"]
[Time "13:00:50"]
[TimeControl "2700+45"]

1. e4 e6 2. d4 d5 3. Nc3 Nf6 4. e5 Nfd7 5. Bd3 c5 6. Nf3 a6 7. Be3 cxd4 8. Bxd4
Nc6 9. Qe2 Be7 10. O-O O-O 11. Nd1 b5 12. b3 Nb4 13. Nb2 Nxd3 14. Qxd3 b4 15.
Rac1 a5 16. c4 bxc3 17. Rxc3 Ba6 18. Qc2 Bxf1 19. Kxf1 Rc8 20. Nd3 h6 21. Qb2
Rc7 22. b4 axb4 23. Nxb4 Bxb4 24. Qxb4 Rxc3 25. Qxc3 Qc8 26. Qb2 Qa6+ 27. Kg1
Rc8 28. h3 Ra8 29. Kh2 Qxa2 30. Qb7 Qa4 31. g4 Rb8 32. Qc7 Qb5 33. Kg2 Qb7 34.
Qd6 Nf8 35. h4 Ng6 36. Kg3 Ne7 37. Bc5 Nc8 38. Qf8+ Kh7 39. g5 Nb6 40. g6+ Kxg6
41. h5+ Kh7 42. Qd6 Nc4 {White resigns} 0-1

[Event "Team 45 45 League T60"]
[Site "Internet Chess Club"]
[Date "2014.02.28"]
[Round "1"]
[White "medsurg"]
[Black "bardu"]
[Result "1-0"]
[WhiteElo "1308"]
[BlackElo "1205"]
[Opening "Ruy Lopez: modern Steinitz defense"]
[ECO "C71"]
[Time "10:07:11"]
[TimeControl "2700+45"]

1. e4 e5 2. Nf3 Nc6 3. Bb5 a6 4. Ba4 d6 5. h3 Nf6 6. d3 Bd7 7. c3 b5 8. Bc2 Be7
9. Be3 h6 10. Nbd2 O-O 11. O-O Be6 12. d4 Qd7 13. d5 Bxd5 14. exd5 Nxd5 15. Qe2
b4 16. Qd3 Nf6 17. Ne4 Nxe4 18. Qxe4 g6 19. Bxh6 f5 20. Qd5+ Rf7 21. Ng5 Bxg5
22. Bxg5 bxc3 23. bxc3 Rb8 24. Ba4 Nb4 25. cxb4 Qxa4 26. a3 Qd7 27. Rac1 Rb5 28.
Qa8+ Rf8 29. Qxa6 Rd5 30. Qb7 Rc8 31. Qxd5+ {Black resigns} 1-0

[Event "Team 45 45 League T60"]
[Site "Internet Chess Club"]
[Date "2014.02.28"]
[Round "1"]
[White "BrianWood"]
[Black "SirIvanhoe"]
[Result "0-1"]
[WhiteElo "1415"]
[BlackElo "1606"]
[Opening "English: Caro-Kann defensive system"]
[ECO "D13"]
[Time "13:19:33"]
[TimeControl "2700+45"]

1. c4 c6 2. Nc3 d5 3. cxd5 cxd5 4. d4 Nf6 5. Nf3 Nc6 6. g3 e6 7. Bg2 Be7 8. O-O
O-O 9. Re1 a6 10. e4 dxe4 11. Nxe4 Nd5 12. a3 b6 13. Ne5 Qc7 14. Nxc6 Qxc6 15.
Bg5 Bxg5 16. Nxg5 Bb7 17. Ne4 Rac8 18. Nc3 Qd7 19. Nxd5 Bxd5 20. Bxd5 Qxd5 21.
b4 Rfd8 22. Qe2 b5 23. Rac1 Qxd4 24. Rxc8 Rxc8 25. Rd1 Qa7 26. Qb2 Qc7 27. Qd4
h6 28. Qd6 Qxd6 29. Rxd6 Ra8 30. f4 Kf8 31. g4 Ke7 32. Rd3 a5 33. bxa5 Rxa5 34.
Kg2 Ra4 35. Kg3 b4 36. axb4 Rxb4 37. h4 Rb7 38. Re3 Rd7 39. f5 Rd4 40. h5 Kf6
41. fxe6 fxe6 42. Kf3 e5 43. Kg3 Rc4 44. Kf3 Ke6 45. Re4 Rc3+ 46. Re3 Rxe3+ 47.
Kxe3 Kd5 48. Kd3 e4+ 49. Ke3 Ke5 {White resigns} 0-1

[Event "Team 45 45 League T60"]
[Site "Internet Chess Club"]
[Date "2014.02.27"]
[Round "1"]
[White "houseofcook"]
[Black "tamtu"]
[Result "0-1"]
[WhiteElo "1465"]
[BlackElo "1825"]
[Opening "Queen's pawn: London system"]
[ECO "A45"]
[Time "14:00:21"]
[TimeControl "2700+45"]

1. d4 Nf6 2. Bf4 e6 3. e3 c5 4. c3 cxd4 5. cxd4 Bb4+ 6. Nd2 Nc6 7. a3 Be7 8. h3
b6 9. Ngf3 Bb7 10. Bd3 O-O 11. O-O Rc8 12. Rc1 d6 13. Bb1 Qd7 14. Bh2 Rc7 15.
Qe2 Rfc8 16. Nb3 Bf8 17. Rfd1 Ne7 18. Nfd2 Rxc1 19. Rxc1 Rxc1+ 20. Nxc1 Qc6 21.
Qf1 Ng6 22. Nf3 Ne4 23. Bxe4 Qxe4 24. Nb3 Qc2 25. Nbd2 Qxb2 26. a4 Qa2 27. Qc4
Qxc4 28. Nxc4 Bxf3 29. gxf3 d5 30. Ne5 Nxe5 31. Bxe5 a6 32. Bc7 b5 33. axb5 axb5
34. Ba5 b4 35. Kf1 b3 36. Bc3 Ba3 37. Ke2 b2 38. Bxb2 Bxb2 39. Kd3 g6 40. f4 Kg7
41. Kc2 Ba3 42. Kd3 Kh6 43. Ke2 Kh5 44. Kf3 Kh4 45. Kg2 Bd6 46. f3 Bb4 47. e4
Bc3 48. f5 Bxd4 49. fxe6 fxe6 {White resigns} 0-1

[Event "Team 45 45 League T60"]
[Site "Internet Chess Club"]
[Date "2014.03.01"]
[Round "1"]
[White "dabodhi"]
[Black "Gilguli"]
[Result "0-1"]
[WhiteElo "1396"]
[BlackElo "1409"]
[Opening "Latvian: Fraser defense"]
[ECO "C40"]
[Time "13:08:09"]
[TimeControl "2700+45"]

1. e4 e5 2. Nf3 f5 3. Nxe5 Nc6 4. Qh5+ g6 5. Nxg6 Nf6 6. Qh3 hxg6 7. Qxh8 Qe7 8.
d3 d5 9. Bg5 Qb4+ 10. c3 Qxb2 11. Bxf6 Qxa1 12. Bg7 Qxb1+ 13. Ke2 Qxa2+ 14. Kf3
dxe4+ 15. dxe4 fxe4+ 16. Ke3 Qf7 17. Bd4 Bd7 18. Be2 O-O-O 19. Qh4 Nxd4 20. cxd4
Qb3+ 21. Kf4 Bd6+ 22. Kg5 Be7+ {White resigns} 0-1

[Event "Team 45 45 League T60"]
[Site "Internet Chess Club"]
[Date "2014.03.01"]
[Round "1"]
[White "semperfi"]
[Black "KidRattler"]
[Result "0-1"]
[WhiteElo "1379"]
[BlackElo "1508"]
[Opening "Queen's pawn game, Chigorin variation"]
[ECO "D02"]
[Time "17:50:50"]
[TimeControl "2700+45"]

1. d4 d5 2. Nf3 Nc6 3. e3 Bf5 4. c3 Nf6 5. Nbd2 e6 6. Be2 Bd6 7. Nh4 Be4 8. Nxe4
Nxe4 9. Nf3 O-O 10. O-O Qe7 11. Qc2 f5 12. a3 h6 13. c4 Qf6 14. cxd5 exd5 15.
Qb3 Ne7 16. Qxb7 Rfb8 17. Qa6 Rb6 18. Qd3 Ng6 19. b4 Nh4 20. g3 Nxf3+ 21. Bxf3
g5 22. Qb3 c6 23. Bg2 a5 24. f3 a4 25. Qd3 Nxg3 26. hxg3 Bxg3 27. Bh3 Rf8 28.
Rb1 Qf7 29. Qe2 Qh5 30. Qg2 Qh4 31. Bd2 f4 32. Be1 Re8 33. Bxg3 fxg3 34. e4 dxe4
35. fxe4 Rxe4 36. Qxe4 Qxe4 37. Rbe1 Qxd4+ 38. Kh1 g4 39. Re8+ Kg7 40. Re7+ Kg6
41. Bg2 Rb5 42. Be4+ Kg5 43. Bxc6 Rf5 44. Rxf5+ Kxf5 45. Be4+ Kf6 46. Re8 Qd1+
{White resigns} 0-1

[Event "Team 45 45 League T60"]
[Site "Internet Chess Club"]
[Date "2014.02.28"]
[Round "1"]
[White "QuieroAprender"]
[Black "BrerRabbit"]
[Result "1-0"]
[WhiteElo "1676"]
[BlackElo "1506"]
[Opening "Réti: Wade defense"]
[ECO "B07"]
[Time "18:33:54"]
[TimeControl "2700+45"]

1. e4 d6 2. Nf3 Bg4 3. h3 Bh5 4. Be2 Nf6 5. c3 Nbd7 6. Nd4 Bxe2 7. Qxe2 e6 8. f4
e5 9. fxe5 dxe5 10. Nf3 Bd6 11. d4 O-O 12. Bg5 c6 13. O-O Qb6 14. Kh1 Nh5 15.
Bh4 Nhf6 16. Bxf6 gxf6 17. Nh4 Kh8 18. Nf5 Qc7 19. Qg4 Rg8 20. Qh4 exd4 21. Nh6
Rg7 22. cxd4 Qb6 23. Qf2 Bg3 24. Qd2 Bh4 25. Nf5 Bg5 26. Qc3 Rg6 27. h4 Bh6 28.
h5 Rg5 29. Qh3 Bf8 30. Nd2 c5 31. Nf3 Rg8 32. Nh6 Bxh6 33. Qxd7 Rg7 34. dxc5
Qxc5 35. Qxb7 Qc8 36. Qd5 Qg4 37. Rf2 Rag8 38. Qf5 Be3 39. Qxg4 Rxg4 40. Re2 Bb6
41. Rd1 Rd8 42. Rd5 Rxd5 43. exd5 Bc5 44. Rd2 Bd6 45. Kg1 Kg7 46. Kf1 Kh6 47.
Nd4 Be5 48. Nc6 a6 49. d6 Rg8 50. d7 Bc7 51. d8=Q {Black resigns} 1-0

[Event "Team 45 45 League T60"]
[Site "Internet Chess Club"]
[Date "2014.03.02"]
[Round "1"]
[White "Invicta-Knight"]
[Black "drsigmund1"]
[Result "1-0"]
[WhiteElo "1457"]
[BlackElo "1569"]
[Opening "French: advance, Milner-Barry gambit"]
[ECO "C02"]
[Time "15:13:24"]
[TimeControl "2700+45"]

1. e4 e6 2. d4 d5 3. e5 c5 4. c3 Nc6 5. Nf3 Qb6 6. Bd3 Bd7 7. O-O cxd4 8. cxd4
Nxd4 9. Nxd4 Qxd4 10. Qe2 Ne7 11. Kh1 Nc6 12. f4 Bc5 13. a3 O-O 14. Nc3 a6 15.
Bd2 f6 16. Rf3 fxe5 17. Be3 Qxe3 18. Rxe3 Bxe3 19. Qxe3 d4 20. Qh3 g6 21. Ne4
Kg7 22. Ng5 Rh8 23. Rf1 h6 24. Nxe6+ Kf6 25. fxe5+ Ke7 26. Bxg6 Bxe6 27. Qh4+
Kd7 28. Qf6 Raf8 29. Qg7+ Ne7 30. Rxf8 Rxf8 31. Qxf8 Nxg6 32. Qxh6 Nxe5 33. Qd2
d3 34. h4 Bf5 35. Qf4 Ke6 36. h5 Ng4 37. h6 Nf6 38. g4 Bh7 39. Qc4+ Nd5 40. Qd4
Nf6 41. Kg1 Nd7 42. Kf2 Ne5 43. Qb6+ Ke7 44. Qxb7+ Nd7 45. g5 Bg6 46. Ke3 Ke6
47. Qxa6+ Kf5 48. Qb5+ Ke6 49. Qc6+ {Black resigns} 1-0

[Event "Team 45 45 League T60"]
[Site "Internet Chess Club"]
[Date "2014.03.01"]
[Round "1"]
[White "Leon13"]
[Black "rkaebi"]
[Result "0-1"]
[WhiteElo "1286"]
[BlackElo "1368"]
[Opening "French: Tarrasch"]
[ECO "C03"]
[Time "11:04:17"]
[TimeControl "2700+45"]

1. e4 e6 2. d4 d5 3. Nd2 dxe4 4. Nxe4 Nf6 5. Nxf6+ Qxf6 6. Nf3 h6 7. Bb5+ Bd7 8.
a4 Bd6 9. O-O O-O 10. Re1 a6 11. Bd3 Bc6 12. Ne5 Nd7 13. Nxc6 bxc6 14. Be3 Rfd8
15. c3 c5 16. Bc2 Nf8 17. Qd2 Ng6 18. f4 cxd4 19. cxd4 Bxf4 20. Bxf4 Rxd4 21.
Qc3 Qxf4 22. Bxg6 fxg6 23. Rxe6 Rf8 24. h3 Qf2+ 25. Kh2 Rd2 26. Rxg6 Qf4+ 27.
Rg3 Rf7 28. Re1 Rfd7 29. Re3 Rf2 30. Qb3+ Kh7 31. Qc2+ Rxc2 {White resigns} 0-1

[Event "Team 45 45 League T60"]
[Site "Internet Chess Club"]
[Date "2014.03.01"]
[Round "1"]
[White "misuc56"]
[Black "jonesey"]
[Result "0-1"]
[WhiteElo "1842"]
[BlackElo "1873"]
[Opening "Queen's pawn game"]
[ECO "E20"]
[Time "15:00:48"]
[TimeControl "2700+45"]

1. d4 Nf6 2. c4 e6 3. Nc3 c5 4. e3 d5 5. Nf3 Nc6 6. cxd5 exd5 7. h3 Bd6 8. Bb5
O-O 9. Bxc6 bxc6 10. O-O Re8 11. dxc5 Bxc5 12. Nd4 Qd6 13. a3 a5 14. Bd2 Bb6 15.
f4 Ne4 16. Nxe4 Rxe4 17. Bc1 Ba6 18. Rf3 Bxd4 19. exd4 Be2 20. Qb3 a4 21. Qc3
Bxf3 22. Qxf3 Re1+ 23. Kf2 Rae8 24. Bd2 Rxa1 {White resigns} 0-1

[Event "Team 45 45 League T60"]
[Site "Internet Chess Club"]
[Date "2014.03.03"]
[Round "1"]
[White "gcl"]
[Black "Constrictor"]
[Result "1-0"]
[WhiteElo "1709"]
[BlackElo "1620"]
[Opening "Caro-Kann: Bronstein-Larsen variation"]
[ECO "B16"]
[Time "17:48:17"]
[TimeControl "2700+45"]

1. e4 c6 2. d4 d5 3. Nc3 dxe4 4. Nxe4 Nf6 5. Nxf6+ gxf6 6. Nf3 Bg4 7. Be2 Qc7 8.
h3 Bf5 9. Be3 Nd7 10. Qd2 e6 11. O-O O-O-O 12. c4 Rg8 13. Kh1 c5 14. d5 Nb6 15.
Rfc1 exd5 16. cxd5 Nxd5 17. Bxc5 Bxc5 18. Rxc5 Qxc5 19. Rc1 Qxc1+ 20. Qxc1+ Kb8
21. Qc5 Be6 22. Nd4 Nf4 23. Nxe6 Nxe6 24. Qe7 Nd4 25. Bc4 Nf5 26. Qxf6 Rd1+ 27.
Kh2 Nd6 28. Be2 Rd5 29. Bf3 Rd2 30. Qh6 Rd4 31. Qxh7 Rg6 32. Qh8+ Kc7 33. Qxd4
a6 34. Be4 Re6 35. Bd5 Rg6 36. f4 Rg8 37. g4 Re8 38. b4 Re2+ 39. Kg3 f5 40. g5
{Black resigns} 1-0

[Event "Team 45 45 League T60"]
[Site "Internet Chess Club"]
[Date "2014.03.01"]
[Round "1"]
[White "WOLFSPELZ"]
[Black "parrot9"]
[Result "1-0"]
[WhiteElo "1875"]
[BlackElo "1655"]
[Opening "Queen's bishop game"]
[ECO "D02"]
[Time "08:00:58"]
[TimeControl "2700+45"]

1. d4 Nf6 2. Nf3 d5 3. Bf4 e6 4. e3 Be7 5. c3 Nbd7 6. Bd3 Nh5 7. Bg3 Nxg3 8.
hxg3 h6 9. c4 a6 10. cxd5 exd5 11. Nc3 c6 12. Rc1 Nf6 13. Qb3 O-O 14. O-O Re8
15. e4 dxe4 16. Nxe4 Nxe4 17. Bxe4 Bf6 18. Rfe1 Be6 19. Qxb7 Rb8 20. Qxa6 Rxb2
21. Qxc6 Bxa2 22. Bh7+ Kf8 23. Rxe8+ Qxe8 24. Qa6 Qe2 25. Rc8+ Ke7 26. Qa7+ Kd6
27. Qc7+ {Black resigns} 1-0

[Event "Team 45 45 League T60"]
[Site "Internet Chess Club"]
[Date "2014.02.28"]
[Round "1"]
[White "rkaebi"]
[Black "lemanofzorn"]
[Result "1-0"]
[WhiteElo "1354"]
[BlackElo "1562"]
[Opening "Caro-Kann: classical variation"]
[ECO "B18"]
[Time "14:00:45"]
[TimeControl "2700+45"]

1. e4 c6 2. d4 d5 3. Nc3 dxe4 4. Nxe4 Bf5 5. Ng3 Bg6 6. Nf3 h6 7. Ne5 Nf6 8.
Nxg6 fxg6 9. Bd3 Kf7 10. O-O e6 11. Re1 Bd6 12. Bc4 Re8 13. Qf3 Kg8 14. Rxe6 Kh8
15. Rxe8+ Qxe8 16. Bxh6 Bxg3 17. hxg3 gxh6 18. Qxf6+ Kh7 19. Bf7 Qf8 20. Bxg6+
Kg8 21. Bh7+ Kxh7 22. Qxf8 h5 23. Re1 Nd7 24. Re7+ Kg6 25. Qf7+ Kg5 26. f4+ Kg4
27. Qg6# {Black checkmated} 1-0

[Event "Team 45 45 League T60"]
[Site "Internet Chess Club"]
[Date "2014.03.03"]
[Round "1"]
[White "Grenadier"]
[Black "LittleButton"]
[Result "0-1"]
[WhiteElo "1662"]
[BlackElo "1916"]
[Opening "Sicilian: closed"]
[ECO "B23"]
[Time "16:01:00"]
[TimeControl "2700+45"]

1. e4 c5 2. Nc3 d6 3. f4 Nc6 4. Nf3 g6 5. Bc4 e6 6. d3 Nge7 7. O-O Bg7 8. Be3 d5
9. exd5 exd5 10. Nxd5 Nxd5 11. Bxc5 Nde7 12. Qe2 O-O 13. Rae1 Re8 14. Ng5 Bd4+
15. Bxd4 Qxd4+ 16. Kh1 Rf8 17. c3 Qd8 18. Ne4 Nf5 19. Bb3 Na5 20. g4 Nd6 21. f5
Nxe4 22. Qxe4 Nxb3 23. axb3 Qb6 24. fxg6 hxg6 25. h4 Bd7 26. Kh2 Rfe8 27. Qf4
Qxb3 28. h5 Rxe1 29. Rxe1 Qxb2+ 30. Kg3 Qxc3 31. hxg6 Qxe1+ {White resigns} 0-1